 Dungeon Crawl Stone Soup version 0.28.0-53-g5a82cb258f (webtiles) character file.

Game seed: 54283120062776285

371055 firemarshallily the Sorcerer (level 21, -9/168 (187) HPs)
             Began as a Purple Draconian Ice Elementalist on May 26, 2022.
             Was the Champion of Qazlal.
             Killed from afar by a shadow dragon (35 damage)
             ... with a bolt of negative energy
             ... on level 4 of the Vaults on May 30, 2022.
             The game lasted 07:50:49 (61552 turns).

firemarshallily the Sorcerer (DrIE)                Turns: 61552, Time: 07:50:50

HP:   -9/168 (187)  AC: 20    Str: 10    XL:     21   Next: 69%
MP:   33/58         EV: 15    Int: 34    God:    Qazlal [******]
Gold: 1735          SH: 21    Dex: 20    Spells: 6/68 levels left

rFire   + + +      SeeInvis +   i - +10 trident "Wosariqopa" {drain, rF++ rC+}
rCold   + + +      Faith    .   C - +1 buckler {rF+}
rNeg    . . .      Spirit   .   (armour unavailable)
rPois   .          Reflect  +   W - +3 crown of Dyrovepreva {rElec Int+2 SInv}
rElec   +          Harm     .   E - scarf {rC+ rF+}
rCorr   .          Rampage  .   v - +2 pair of gloves {Dex+3}
Will    ++++.                   e - +2 pair of boots
Stlth   +.........              Q - amulet "Ytots" {Reflect Str+2 Slay+3 SH+5}
HPRegen 0.38/turn               V - ring of magical power
MPRegen 0.36/turn               J - ring "Ivacvuli" {rC+ Str-3 Int+5 Dex+6 SInv}

@: studying Maces & Flails, heavily drained, repel missiles
A: breathe power, AC +11, unfitting armour, cold-blooded, strong-willed 1,
mutation resistance 1
}: 2/15 runes: decaying, gossamer
a: Breathe Dispelling Energy, Renounce Religion, Upheaval, Elemental Force,
Disaster Area


You were on level 4 of the Vaults.
You worshipped Qazlal.
Qazlal was exalted by your worship.
You visited 8 branches of the dungeon, and saw 40 of its levels.
You visited 1 bazaar.
You also visited: Ice Cave and Volcano.

You collected 5642 gold pieces.
You spent 3889 gold pieces at shops.
You donated 18 gold pieces to Zin.

Inventory:

Hand Weapons
 i - the +10 trident "Wosariqopa" (weapon) {drain, rF++ rC+}
   (You took it off a deep elf high priest on level 3 of the Elven Halls)

   A truly terrible weapon, it drains the life of any living foe it strikes.
   rF:        It greatly protects you from fire.
   rC:        It protects you from cold.
Missiles
 a - 7 atropa-tipped darts (quivered)
 G - 7 curare-tipped darts
 N - a throwing net
Armour
 e - a +2 pair of boots (worn)
 v - a +2 pair of gloves of dexterity (worn)
 C - a +1 buckler of fire resistance (worn)
 E - a scarf of resistance (worn)
 W - the +3 crown of Dyrovepreva (worn) {rElec Int+2 SInv}
   (You found it on level 2 of the Lair of Beasts)

   Int:       It affects your intelligence (+2).
   rElec:     It insulates you from electricity.
   SInv:      It lets you see invisible.
Jewellery
 f - a ring of protection from fire
 m - a +4 ring of protection
 s - the ring "Eserch" {*Slow rElec rF+ rC+ Dex+6}
   (You took it off a deep elf death mage on level 3 of the Elven Halls)

   [ring of dexterity]

   Dex:       It affects your dexterity (+6).
   rF:        It protects you from fire.
   rC:        It protects you from cold.
   rElec:     It insulates you from electricity.
   *Slow:     It may slow you when you take damage.
 H - a ring of flight
 J - the ring "Ivacvuli" (right hand) {rC+ Str-3 Int+5 Dex+6 SInv}
   (You bought it in a shop on level 9 of the Dungeon)

   [ring of dexterity]

   Str:       It affects your strength (-3).
   Int:       It affects your intelligence (+5).
   Dex:       It affects your dexterity (+6).
   rC:        It protects you from cold.
   SInv:      It lets you see invisible.
 O - a ring of poison resistance
 Q - the amulet "Ytots" (around neck) {Reflect Str+2 Slay+3 SH+5}
   (You bought it in a shop on level 2 of the Orcish Mines)

   [amulet of reflection]

   It reflects blocked missile attacks.
   Str:       It affects your strength (+2).
   Slay:      It affects your accuracy & damage with ranged weapons and melee
   (+3).
   SH:        It affects your SH (+5).
 V - a ring of magical power (left hand)
Wands
 j - a wand of polymorph (6)
 o - a wand of charming (12)
 q - a wand of flame (43)
 t - a wand of iceblast (25)
 A - a wand of acid (30)
 D - a wand of mindburst (14)
 K - a wand of paralysis (27)
 S - a wand of digging (18)
Scrolls
 l - 14 scrolls of teleportation
 r - 9 scrolls of magic mapping
 y - 9 scrolls of fear
 I - 8 scrolls of fog
 U - 2 scrolls of holy word
 Y - 3 scrolls of amnesia
Potions
 b - 3 potions of invisibility
 d - 12 potions of curing
 g - 3 potions of resistance
 k - 5 potions of lignification
 u - 2 potions of cancellation
 w - 2 potions of magic
 x - a potion of flight
 z - a potion of brilliance
 B - 4 potions of mutation
 F - 5 potions of might
 R - 4 potions of ambrosia
Miscellaneous
 c - a lightning rod (4/4)
 n - a phial of floods
 P - a tin of tremorstones (2/2)
 T - a condenser vane


   Skills:
 + Level 15.8 Fighting
 + Level 7.4(8.4) Polearms
 - Level 6.0(7.7) Staves
 - Level 6.0 Dodging
 - Level 2.0 Stealth
 - Level 9.0 Shields
 * Level 24.3 Spellcasting
 - Level 11.1 Conjurations
 + Level 18.5 Summonings
 - Level 3.0 Translocations
 - Level 7.1 Fire Magic
 - Level 15.5 Ice Magic
 + Level 1.9 Invocations
 - Level 3.0 Evocations


You had 6 spell levels left.
You knew the following spells:

 Your Spells              Type           Power      Damage    Failure   Level
a - Airstrike             Air            20%        N/A       8%          4
b - Frozen Ramparts       Ice            100%       1d12      0%          3
c - Ozocubu's Armour      Ice            98%        N/A       0%          3
d - Hailstorm             Conj/Ice       93%        3d18      1%          4
e - Ensorcelled Hibernat  Hex/Ice        100%       N/A       1%          2
g - Animate Skeleton      Necr           82%        N/A       1%          1
h - Summon Forest         Summ/Tloc      42%        N/A       1%          5
i - Summon Cactus Giant   Summ           52%        N/A       1%          6
j - Summon Mana Viper     Hex/Summ       81%        N/A       1%          5
k - Swiftness             Air            41%        N/A       2%          3
l - Summon Hydra          Summ           52%        N/A       1%          7
m - Summon Lightning Spi  Summ/Air       81%        N/A       1%          4
n - Spellforged Servitor  Conj/Summ      48%        N/A       1%          7
o - Mephitic Cloud        Conj/Pois/Air  61%        N/A       1%          3
p - Lightning Bolt        Conj/Air       34%        1d51      1%          5

Your spell library contained the following spells:

 Spells                   Type           Power      Damage    Failure   Level
 Freeze                   Ice            100%       1d11      0%          1
 Magic Dart               Conj           100%       1d8       0%          1
 Call Imp                 Summ           100%       N/A       0%          2
 Searing Ray              Conj           100%       2d8       0%          2
 Call Canine Familiar     Summ           100%       N/A       0%          3
 Beastly Appendage        Tmut           82%        N/A       1%          1
 Foxfire                  Conj/Fire      100%       2x1d9     1%          1
 Pain                     Necr           100%       1d9       1%          1
 Slow                     Hex            100%       N/A       1%          1
 Corpse Rot               Necr/Air       82%        N/A       1%          2
 Passwall                 Tmut/Erth      34%        N/A       1%          2
 Wereblood                Tmut           41%        N/A       1%          2
 Dazzling Flash           Conj/Hex       100%       N/A       1%          3
 Portal Projectile        Hex/Tloc       100%       N/A       1%          3
 Summon Guardian Golem    Hex/Summ       81%        N/A       1%          3
 Flame Wave               Conj/Fire      81%        2d14      1%          4
 Fulminant Prism          Conj/Hex       34%        3d16      1%          4
 Iskenderun's Mystic Bla  Conj/Tloc      74%        2d15      1%          4
 Confusing Touch          Hex            41%        N/A       2%          3
 Spider Form              Tmut/Pois      41%        N/A       2%          3
 Tukima's Dance           Hex            41%        N/A       2%          3
 Vampiric Draining        Necr           41%        2d8       2%          3
 Passage of Golubria      Tloc           58%        N/A       2%          4
 Starburst                Conj/Fire      40%        6d12      2%          6
 Leda's Liquefaction      Hex/Erth       20%        N/A       8%          4
 Agony                    Necr           41%        N/A       21%         5
 Alistair's Intoxication  Tmut/Pois      27%        N/A       21%         5
 Blade Hands              Tmut           20%        N/A       21%         5
 Borgnjor's Vile Clutch   Necr/Erth      20%        N/A       21%         5
 Excruciating Wounds      Necr           20%        N/A       21%         5
 Lee's Rapid Deconstruct  Erth           20%        3d13*     21%         5
 Silence                  Hex/Air        20%        N/A       21%         5
 Yara's Violent Unravell  Hex/Tmut       20%        3d9       21%         5
 Eringya's Noxious Bog    Tmut/Pois      20%        N/A       75%         6
 Orb of Destruction       Conj           43%        9d12      6%          7
 Lehudib's Crystal Spear  Conj/Erth      34%        10d9      99%         8
 Chain Lightning          Conj/Air       34%        3d45      100%        9
 Fire Storm               Conj/Fire      40%        8d10      100%        9
 Shatter                  Erth           20%        3d18*     100%        9


Dungeon Overview and Level Annotations

Branches:
Dungeon (15/15)            Temple (1/1) D:5            Lair (6/6) D:8
  Swamp (4/4) Lair:3       Spider (4/4) Lair:2        Slime (0/5) Lair:5
    Orc (2/2) D:11            Elf (3/3) Orc:2        Vaults (5/5) D:14
  Crypt (0/3) Vaults:2     Depths (0/4) D:15          IceCv (visited)
Volcano (visited)

Altars:
Ashenzari
Cheibriados
Dithmenos
Elyvilon
Fedhas
Gozag
Hepliaklqana
Kikubaaqudgha
Makhleb
Nemelex Xobeh
Okawaru
Qazlal
Ru
Sif Muna
Trog
Uskayaw
Vehumet
Wu Jian
Xom
Yredelemnul
Zin
The Shining One
Beogh
Jiyva

Shops:
D:9 =   Orc:1 !   Orc:2 [??=*   Elf:2 ((   Vaults:1 *   Vaults:2 (   Vaults:3 *
Vaults:4 [

Annotations:
D:2 Sigmund


Innate Abilities, Weirdness & Mutations

You can breathe bolts of dispelling energy.
Your rich purple scales are hard. (AC +11)
You cannot fit into any form of body armour.
You are cold-blooded and may be slowed by cold attacks.
You are strong-willed. (Will+)
You are somewhat resistant to further mutation.


Message History

The Hell Sentinel hits your spellforged servitor!
The Hell Sentinel closely misses your spellforged servitor.
Your eight-headed hydra bites the phantasmal warrior!
The phantasmal warrior is destroyed!
Qazlal accepts your kill.
The tentacled monstrosity completely misses you.
You block the tentacled monstrosity's attack.
The tentacled monstrosity tentacle-slaps you but does no damage.
You block the tentacled monstrosity's attack.
The shadow dragon breathes negative energy at you.
The bolt of negative energy hits you!!
You feel drained.
* * * LOW HITPOINT WARNING * * *
The bolt of negative energy hits your eight-headed hydra!!
Your eight-headed hydra is drained!
The vault sentinel points at you and mumbles some strange words.
You resist with almost no effort. The white very ugly thing misses you.
A mysterious force pulls you upwards. The hatch slams shut behind you.
Your summoned ally is left behind.
Your icy armour cracks and falls away as you move.
Blink to where?
Press: ? - help, Dir - move target
As you read the scroll of blinking, it crumbles to dust.
There is an open door here.
The shadow dragon breathes negative energy at you.
The bolt of negative energy hits the tentacled monstrosity.
The tentacled monstrosity completely resists.
The bolt of negative energy misses you.
There is an open door here.
Space becomes stable.
Your protection from physical attacks is fading.
The tentacled monstrosity is struck by lightning.
There is an open door, spattered with blood here.
Casting: Spellforged Servitor (mildly dangerous; 1% risk of failure)
Confirm with . or Enter, or press ? or * to list all spells.
You feel less protected from physical attacks.
The shadow dragon breathes negative energy at you.
The bolt of negative energy hits the tentacled monstrosity.
The tentacled monstrosity completely resists.
The bolt of negative energy hits you!!
You feel drained.
You die...

#..# #......# #...# #..# #......#
#...# #..######'##### #####
#####..'........#
....[..#........#
.......#........#
########......○.#################
########......☼.#...............[
..#....#..uD..X°@..........##.##[
..#....'.....○C○#.§..##.##.##..[[
..#....#.....○..#.#..##........([
..#....#........#................
..'############'#################
.......'.........#
..X....#.........#
..'#####.........#
..#....#.........#


You could see a shadow dragon (catching breath), a tentacled monstrosity (ally
target), a white very ugly thing (drained) and a friendly cactus giant
(summoned).

Vanquished Creatures
  Rupert (Lair:4)
  An Ice Fiend (IceCv)
  2 deep elf blademasters (Elf:2)
  A lich (Vaults:4)
  A thorn hunter (Swamp:4)
  2 sphinxes (Vaults:4)
  Kirke (Spider:2)
  A fenstrider witch (Swamp:4)
  Donald (Swamp:2)
  14 vault wardens
  3 ghost moths
  5 emperor scorpions
  A broodmother (Spider:3)
  A deep elf elementalist (Elf:2)
  5 very ugly things (Vaults:2)
  10 ironbound preservers
  3 deep elf demonologists
  2 ironbound thunderhulks
  2 eleionomae
  An entropy weaver (Vaults:4)
  4 deep elf annihilators (Elf:3)
  Azrael (D:12)
  3 spark wasps
  2 dire elephants (Vaults:2)
  A crystal guardian (Vaults:4)
  Snorg (Lair:6)
  2 shambling mangroves
  A deep elf death mage (Elf:3)
  8 yaktaur captains
  2 ettins
  2 deep elf high priests
  An ice dragon (Swamp:4)
  Josephine (D:12)
  7 hydras
  A great orb of eyes (Vaults:4)
  Harold (D:10)
  3 boulder beetles
  A caustic shrike simulacrum (IceCv)
  12 vault guards
  An ironbound frostheart (Vaults:2)
  A catoblepas (Lair:6)
  3 ogre magi
  A death knight (D:12)
  14 centaur warriors
  5 dancing weapons
  2 alligators
  6 two-headed ogres
  8 death yaks
  8 tengu warriors
  3 orc high priests (Orc:2)
  Sonja (D:13)
  3 spriggans
  A sun demon (Volcano)
  7 deep elf knights
  A pharaoh ant (Spider:3)
  An orb spider (Spider:4)
  A skeletal warrior (D:14)
  2 sun moths (Spider:1)
  18 deep trolls
  2 goliath frogs (Swamp:2)
  2 swamp dragons
  A glowing orange brain (Vaults:2)
  3 steelbarb worms
  4 deep elf archers
  2 bog bodies
  7 ironbound convokers
  9 wizards
  Pikel (D:6)
  8 deep elf zephyrmancers
  3 lindwurms
  2 phantasmal warriors (Vaults:5)
  5 orc knights (Orc:2)
  11 deep elf pyromancers
  16 ugly things
  7 wolf spiders
  An orc sorcerer (Orc:2)
  2 cyclopes
  10 elephants
  A moth of wrath (D:7)
  10 vault sentinels
  A black mamba (Lair:3)
  A black mamba (shapeshifter) (Spider:4)
  2 torpor snails
  7 cane toads
  An elf skeleton (Vaults:2)
  A rime drake (shapeshifter) (D:15)
  25 yaktaurs
  An efreet (D:15)
  4 demonic crawlers
  4 rime drakes
  9 komodo dragons
  A freezing wraith (Elf:3)
  An ice devil (IceCv)
  10 meliai
  An entropy weaver simulacrum (IceCv)
  4 tyrant leeches
  2 trolls
  4 hornets
  Grinder (D:6)
  The ghost of pkoi the Gusty, an amateur DgAE (D:7)
  10 tarantellas
  12 blink frogs
  10 polar bears
  14 slime creatures
  A dream sheep (Lair:6)
  3 raiju (Lair:6)
  10 culicivoras
  3 air elementals
  An ettin skeleton (Vaults:2)
  7 jumping spiders
  Eustachio (D:5)
  4 wraiths
  5 wyverns
  41 yaks
  3 basilisks
  3 hogs (Spider:2)
  2 water elementals (Elf:3)
  21 redbacks
  A minotaur simulacrum (IceCv)
  7 fire elementals
  10 vampire mosquitoes
  Edmund (D:6)
  Menkaure (D:7)
  2 harpy simulacra (IceCv)
  10 wargs
  2 acid dragons
  6 swamp worms
  4 hydra simulacra (Swamp:4)
  19 hell hounds
  10 water moccasins
  An ogre skeleton (Vaults:2)
  A swamp drake (Lair:6)
  13 black bears
  A sky beast (D:7)
  23 orc warriors
  An alligator simulacrum (IceCv)
  2 necrophages
  9 ogres
  18 wolves
  A boggart (D:14)
  14 centaurs
  A lemure (D:6)
  5 kobold brigands
  2 nameless horrors
  A phantom (D:6)
  9 bullfrogs
  2 scorpions
  6 human skeletons (Vaults:2)
  15 killer bees
  A lindwurm simulacrum (IceCv)
  An electric eel (Lair:3)
  10 howler monkeys
  5 centaur zombies
  A jelly (D:4)
  3 centaur skeletons
  A gnoll shaman (D:7)
  21 orc priests
  4 iguanas
  9 orc wizards
  4 hell rats (Lair:6)
  A hound zombie (D:5)
  2 howler monkey zombies
  6 gnolls
  10 adders
  An ufetubus (D:5)
  An adder skeleton (D:4)
  4 worms
  4 dart slugs
  76 orcs
  4 endoplasms
  8 giant cockroaches (D:1)
  5 goblins
  9 hobgoblins
  11 jackals
  4 quokkas
  6 ball pythons
  5 bats
  4 frilled lizards
  22 kobolds
  2 rats
  2 bushes (Lair:1)
  6 snaplasher vines
989 creatures vanquished.

Vanquished Creatures (collateral kills)
  A tentacled monstrosity (Vaults:5)
  A deep elf blademaster (Elf:2)
  Asterion (Vaults:1)
  A deep elf master archer (Elf:3)
  2 titans (Vaults:3)
  A sphinx (Vaults:5)
  A thorn hunter (Swamp:3)
  A shadow dragon (Vaults:4)
  A tengu reaver (Vaults:5)
  2 frost giants
  Aizul (Spider:2)
  5 emperor scorpions
  5 deep elf sorcerers
  4 vault wardens
  2 deep elf elementalists (Elf:3)
  8 ironbound preservers
  A ghoul (Swamp:3)
  5 very ugly things (Vaults:2)
  3 ghost moths
  A stone giant (Vaults:2)
  An ironbound thunderhulk (Vaults:2)
  4 deep elf annihilators
  4 entropy weavers
  2 eleionomae (Swamp:1)
  5 deep elf demonologists (Elf:3)
  A bunyip (Swamp:2)
  5 dire elephants
  A spark wasp (shapeshifter) (Vaults:4)
  3 ettins
  A crystal guardian (Vaults:4)
  5 deep elf death magi (Elf:3)
  3 deep elf high priests
  A fire dragon (Lair:6)
  The ghost of khangoldenlief the Grappler, a journeyman TrMo of Yredelemnul (D:11)
  2 yaktaur captains
  2 great orbs of eyes
  5 hydras
  12 vault guards
  A ghost crab (Swamp:2)
  A spriggan air mage (Swamp:1)
  An ogre mage (Vaults:1)
  2 boulder beetles
  3 ice dragons (Swamp:4)
  3 peacekeepers
  A jorogumo (shapeshifter) (Vaults:4)
  3 ironbound frosthearts
  2 jorogumos (Spider:4)
  A two-headed ogre (D:14)
  28 dancing weapons
  12 slime creatures
  A death yak (Lair:4)
  A tengu warrior (D:14)
  7 alligators
  3 orc high priests
  8 deep elf knights
  2 sun moths
  A spriggan berserker (Swamp:1)
  A skeletal warrior (Vaults:2)
  A pharaoh ant (Spider:3)
  A steelbarb worm (Spider:2)
  A titan skeleton (Vaults:2)
  4 goliath frogs
  6 orb spiders
  8 swamp dragons
  14 bog bodies
  A storm dragon skeleton (Vaults:2)
  2 spriggan druids
  20 deep trolls
  4 spriggan simulacra (IceCv)
  3 wizards
  3 phantasmal warriors
  9 lindwurms
  3 orc knights
  12 ironbound convokers
  2 deep elf archers
  13 deep elf pyromancers
  A tengu skeleton (Vaults:2)
  9 ugly things
  13 deep elf zephyrmancers
  2 orc sorcerers
  An oklob plant (Lair:6)
  An elephant (Lair:3)
  4 will-o-the-wisps
  5 wolf spiders
  2 moths of wrath
  A stone giant skeleton (Vaults:2)
  A black mamba (Lair:1)
  2 human skeletons (Vaults:2)
  4 vault sentinels
  A centaur zombie (D:11)
  A cane toad (Lair:6)
  3 torpor snails (Spider:3)
  2 centaur skeletons (D:14)
  7 demonic crawlers
  2 rime drakes (Lair:6)
  7 freezing wraiths
  15 yaktaurs
  6 ice devils (IceCv)
  4 entropy weaver simulacra (IceCv)
  3 meliai
  A red devil (Volcano)
  A troll (D:13)
  A bloated husk (Swamp:1)
  5 hornets
  12 tarantellas
  8 tyrant leeches
  A blink frog (Lair:6)
  An ettin skeleton (Vaults:2)
  A jumping spider (shapeshifter) (Vaults:1)
  An air elemental (Elf:2)
  6 jumping spiders
  3 spriggans
  7 culicivoras
  2 dire elephant simulacra (IceCv)
  4 wraiths
  2 fire elementals
  3 vampire mosquitoes
  3 yaks
  A hog (Spider:2)
  33 redbacks
  4 basilisks
  5 swamp worm simulacra (Swamp:4)
  6 minotaur simulacra (IceCv)
  An elf skeleton (Vaults:2)
  2 steam dragons (Lair:6)
  A warg (Elf:3)
  2 harpy simulacra (IceCv)
  6 swamp worms
  A hell hound (Lair:6)
  12 hydra simulacra
  A water moccasin (Lair:1)
  An ettin simulacrum (IceCv)
  3 necrophages (Swamp:3)
  11 orc warriors
  A black bear (Lair:6)
  An alligator simulacrum (IceCv)
  4 boggarts (Vaults:3)
  2 centaurs
  A wolf (Lair:6)
  A kobold brigand (D:14)
  2 earth elementals (Elf:1)
  6 deep troll simulacra (IceCv)
  A lindwurm simulacrum (IceCv)
  7 orc priests
  2 iguanas (Lair:6)
  2 orc wizards (Orc:1)
  A hell rat (Lair:6)
  A nameless horror (Elf:2)
  3 swamp drake simulacra (Swamp:4)
  9 orcs
587 creatures vanquished.

Vanquished Creatures (others)
  An ironbound preserver (Vaults:5)
  A deep elf knight (Elf:2)
  A swamp dragon (Swamp:2)
  A deep elf zephyrmancer (Elf:2)
  A tengu conjurer (D:15)
  A bloated husk (Swamp:2)
  A nameless horror (Lair:6)
  A vampire mosquito (Swamp:2)
  A boggart (Vaults:3)
  27 foxfires
  49 fungi
  98 plants
  9 snaplasher vines
192 creatures vanquished.

Grand Total: 1768 creatures vanquished

Notes
Turn   | Place    | Note
-------+----------+-------------------------------------------
     0 | D:1      | firemarshallily the Draconian Ice Elementalist began the
                  | quest for the Orb.
     0 | D:1      | Reached XP level 1. HP: 14/14 MP: 3/3
   164 | D:1      | Reached XP level 2. HP: 17/20 MP: 1/5
   445 | D:1      | Found a faded altar of an unknown god.
   454 | D:1      | Prayed at the altar of an unknown god.
   454 | D:1      | Became a worshipper of Zin the Law-Giver
   454 | D:1      | Reached * piety under Zin
   455 | D:1      | Fell from the grace of Zin
   637 | D:1      | Reached XP level 3. HP: 25/26 MP: 3/6
   709 | D:1      | Learned a level 3 spell: Frozen Ramparts
   713 | D:1      | Learned a level 3 spell: Ozocubu's Armour
   759 | D:1      | You fall into a shaft and drop 1 floor!
  1353 | D:2      | Reached skill level 3 in Spellcasting
  1356 | D:2      | Reached XP level 4. HP: 33/33 MP: 4/8
  1517 | D:2      | Reached skill level 1 in Shields
  1855 | D:2      | Noticed Sigmund
  1920 | D:2      | Found a snail-covered altar of Cheibriados.
  2252 | D:3      | Reached skill level 5 in Ice Magic
  2483 | D:3      | Reached XP level 5. HP: 25/38 MP: 2/10
  2671 | D:3      | Found a faded altar of an unknown god.
  2675 | D:3      | Found a bloodstained altar of Trog.
  2679 | D:3      | Prayed at the altar of an unknown god.
  2679 | D:3      | Became a worshipper of Zin the Law-Giver
  2679 | D:3      | Reached ** piety under Zin
  2680 | D:3      | Fell from the grace of Zin
  2687 | D:3      | Found the +7 Kryia's mail coat {PotionHeal*2 rC+}
  3156 | D:4      | Reached skill level 4 in Spellcasting
  3172 | D:4      | Reached XP level 6. HP: 42/45 MP: 8/12
  3285 | D:4      | Found a sparkling altar of Nemelex Xobeh.
  3286 | D:4      | Found an opulent altar of Gozag.
  3360 | D:4      | Found a hide-covered altar of Uskayaw.
  3494 | D:4      | Found a blossoming altar of Fedhas.
  3818 | D:5      | Entered Level 5 of the Dungeon
  3864 | D:5      | Found a staircase to the Ecumenical Temple.
  3892 | D:5      | Noticed an ice beast
  3916 | Temple   | Entered the Ecumenical Temple
  3961 | Temple   | Became a worshipper of Qazlal Stormbringer
  4030 | Temple   | Identified a scroll of acquirement
  4030 | Temple   | Acquired a staff of cold
  4233 | D:5      | Learned a level 4 spell: Hailstorm
  4236 | D:5      | Learned a level 2 spell: Ensorcelled Hibernation
  4441 | D:5      | Your scales start taking on a rich purple colour.
  4441 | D:5      | Reached skill level 5 in Spellcasting
  4441 | D:5      | Reached XP level 7. HP: 48/50 MP: 11/15
  4441 | D:5      | Noticed Eustachio
  4459 | D:5      | Killed Eustachio
  4460 | D:5      | Reached skill level 1 in Staves
  4460 | D:5      | Reached skill level 1 in Evocations
  4605 | D:5      | Reached skill level 6 in Spellcasting
  5120 | D:6      | Noticed Edmund
  5137 | D:6      | Killed Edmund
  5418 | D:6      | Reached XP level 8. HP: 45/57 MP: 3/17
  5599 | D:6      | Noticed Pikel
  5608 | D:6      | Killed Pikel
  5609 | D:6      | Reached skill level 7 in Spellcasting
  5791 | D:6      | Noticed Grinder
  5808 | D:6      | Paralysed by Grinder for 4 turns
  5857 | D:6      | Paralysed by Grinder for 4 turns
  5879 | D:6      | Killed Grinder
  5880 | D:6      | Reached skill level 8 in Spellcasting
  6298 | D:7      | Reached XP level 9. HP: 42/62 MP: 19/21
  6564 | D:7      | Noticed Menkaure
  6568 | D:7      | Killed Menkaure
  6665 | D:7      | Reached * piety under Qazlal
  6723 | D:7      | Found a transporter.
  6725 | D:7      | Noticed pkoi's ghost (amateur DgAE)
  6748 | D:7      | Noticed a moth of wrath
  6783 | D:7      | Found a transporter.
  6910 | D:7      | Reached skill level 9 in Spellcasting
  7267 | D:8      | Acquired a +1 pair of gloves of dexterity
  7426 | D:8      | Found a shimmering blue altar of Sif Muna.
  7566 | D:8      | Found a staircase to the Lair.
  7703 | D:8      | Reached ** piety under Qazlal
  7707 | D:8      | Reached skill level 10 in Spellcasting
  7707 | D:8      | Reached skill level 1 in Conjurations
  7825 | D:8      | Reached skill level 10 in Ice Magic
  8086 | D:8      | Noticed a purple ugly thing
  8095 | D:8      | Killed a purple ugly thing
  8096 | D:8      | Reached XP level 10. HP: 69/69 MP: 13/24
  8467 | D:9      | Noticed a tengu warrior
  8467 | D:9      | Noticed a tengu warrior
  8477 | D:9      | Killed a tengu warrior
  8483 | D:9      | Killed a tengu warrior
  8484 | D:9      | Reached skill level 11 in Spellcasting
  9153 | D:9      | Learned a level 3 spell: Call Canine Familiar
  9155 | D:9      | Learned a level 1 spell: Animate Skeleton
  9315 | D:9      | Reached skill level 1 in Summonings
  9374 | D:9      | Reached skill level 1 in Translocations
  9396 | D:9      | Found Heshud's Jewellery Shoppe.
  9554 | D:10     | Entered Level 10 of the Dungeon
  9855 | D:10     | Noticed Harold
 10095 | D:10     | Killed Harold
 10096 | D:10     | Reached skill level 12 in Spellcasting
 10096 | D:10     | Reached XP level 11. HP: 56/74 MP: 19/27
 10487 | D:10     | Identified the +8 long sword of Midnight {venom, rC+}
 10688 | D:11     | Found a broken altar of Ashenzari.
 10826 | D:11     | Identified the +5 whip of the Everdark {vorpal, Fragile
                  | rPois rCorr}
 10853 | D:11     | Found a staircase to the Orcish Mines.
 10868 | D:11     | Noticed a two-headed ogre
 10879 | D:11     | Killed a two-headed ogre
 11053 | D:11     | Reached *** piety under Qazlal
 11243 | D:11     | Noticed a two-headed ogre
 11248 | D:11     | Killed a two-headed ogre
 11256 | D:11     | Reached skill level 1 in Fighting
 11363 | D:11     | Found a runed translucent door.
 11364 | D:11     | Found a shimmering altar of Xom.
 11364 | D:11     | Noticed khangoldenlief's ghost (journeyman TrMo)
 11364 | D:11     | Noticed a +0 mace of chaos
 11518 | D:12     | Noticed a centaur warrior
 11808 | D:7      | Killed pkoi's ghost
 11809 | D:7      | Reached skill level 5 in Summonings
 12063 | Lair:1   | Entered Level 1 of the Lair of Beasts
 12105 | Lair:1   | Reached skill level 13 in Spellcasting
 12576 | Lair:1   | Reached XP level 12. HP: 88/88 MP: 23/29
 12756 | Lair:1   | Noticed a seven-headed hydra
 12766 | Lair:1   | Killed a seven-headed hydra
 13259 | Lair:2   | Found a hole to the Spider Nest.
 13263 | Lair:2   | Noticed a four-headed hydra
 13281 | Lair:2   | Killed a four-headed hydra
 13430 | Lair:2   | Found the +3 crown of Dyrovepreva {rElec Int+2 SInv}
 13492 | Lair:2   | Reached **** piety under Qazlal
 14561 | Lair:3   | Reached skill level 14 in Spellcasting
 15135 | Lair:3   | Reached skill level 5 in Fighting
 15191 | Lair:3   | Found a staircase to the Swamp.
 15355 | Lair:4   | Noticed Rupert
 15368 | Lair:4   | Killed Rupert
 15369 | Lair:4   | Reached XP level 13. HP: 85/101 MP: 6/31
 15507 | Lair:4   | Found the +8 orange crystal plate armour {Archmagi, Int+3
                  | Clar}
 16409 | Lair:5   | Reached skill level 15 in Spellcasting
 16414 | Lair:5   | Reached ***** piety under Qazlal
 16621 | Lair:5   | Found a viscous altar of Jiyva.
 16621 | Lair:5   | Found a staircase to the Slime Pits.
 16649 | Lair:5   | Gained mutation: You are strong-willed. (Will+) [potion of
                  | mutation]
 16649 | Lair:5   | Gained mutation: You are somewhat resistant to further
                  | mutation. [potion of mutation]
 16846 | Lair:6   | Entered Level 6 of the Lair of Beasts
 16848 | Lair:6   | Found a dark tunnel.
 16855 | Volcano  | Entered a volcano
 17077 | Lair:6   | Noticed Snorg
 17091 | Lair:6   | Killed Snorg
 17332 | Lair:6   | Reached skill level 10 in Summonings
 17515 | Lair:6   | Reached XP level 14. HP: 84/113 MP: 15/33
 17523 | Lair:6   | Learned a level 5 spell: Summon Forest
 17530 | Lair:6   | Learned a level 6 spell: Summon Cactus Giant
 17546 | Lair:6   | Learned a level 5 spell: Summon Mana Viper
 17670 | Lair:6   | Learned a level 3 spell: Swiftness
 18106 | Lair:6   | Reached skill level 15 in Ice Magic
 18115 | Lair:6   | Reached skill level 16 in Spellcasting
 18498 | Lair:6   | Identified the +4 falchion of Famine {vorpal, rElec Will+
                  | Int+4 Dex-4}
 18541 | Lair:6   | Reached ****** piety under Qazlal
 20298 | D:9      | Bought the ring "Ivacvuli" {rC+ Str-3 Int+5 Dex+6 SInv} for
                  | 1132 gold pieces
 20433 | Orc:1    | Entered Level 1 of the Orcish Mines
 20791 | Orc:1    | Found Iplee's Distillery.
 20799 | Orc:1    | Bought a potion of curing for 39 gold pieces
 20799 | Orc:1    | Bought a potion of curing for 39 gold pieces
 20799 | Orc:1    | Bought a potion of heal wounds for 65 gold pieces
 20799 | Orc:1    | Bought a potion of curing for 39 gold pieces
 20799 | Orc:1    | Bought a potion of curing for 39 gold pieces
 20918 | Orc:2    | Entered Level 2 of the Orcish Mines
 21829 | Orc:2    | Found Ixtit's Assorted Antiques.
 21829 | Orc:2    | Found Siaclona's Magic Scroll Shop.
 21830 | Orc:2    | Found Sereilicw's Jewellery Shop.
 21830 | Orc:2    | Found Gucua's Magic Scroll Boutique.
 21837 | Orc:2    | Bought 3 scrolls of teleportation for 99 gold pieces
 21837 | Orc:2    | Bought a scroll of blinking for 82 gold pieces
 21838 | Orc:2    | Bought a scroll of teleportation for 39 gold pieces
 21838 | Orc:2    | Bought a scroll of teleportation for 39 gold pieces
 21841 | Orc:2    | Bought 2 potions of curing for 192 gold pieces
 21841 | Orc:2    | Bought a potion of heal wounds for 160 gold pieces
 22078 | Orc:2    | Found a staircase to the Elven Halls.
 22134 | Orc:2    | Found Icsuit's Armour Shoppe.
 22573 | D:12     | Noticed Azrael
 22598 | D:12     | Killed Azrael
 22599 | D:12     | Reached skill level 17 in Spellcasting
 22886 | D:13     | Noticed Josephine
 22892 | D:13     | Reached XP level 15. HP: 102/121 MP: 15/36
 22959 | D:12     | Killed Josephine
 23331 | D:13     | Noticed Sonja
 23345 | D:13     | Killed Sonja
 23542 | D:13     | Got Sif Muna's Volume of the Cankerous Arsonist
 24028 | D:14     | Found a flickering gateway to a bazaar.
 24040 | Bazaar   | Entered a bazaar
 24044 | Bazaar   | Found Kentesif's Jewellery Boutique.
 24063 | Bazaar   | Found Zoulus's General Store.
 24084 | Bazaar   | Found Oxtonipe's General Store.
 24105 | Bazaar   | Found Saph's Antique Armour Emporium.
 24581 | D:14     | Reached skill level 5 in Shields
 24638 | D:14     | Identified the +5 war axe of No Interval {elec, rPois Str+3
                  | Stlth+}
 25059 | D:14     | Found a gate to the Vaults.
 25522 | D:15     | Entered Level 15 of the Dungeon
 25579 | D:15     | Acquired 820 gold pieces
 25922 | D:15     | Found an ornate altar of the Wu Jian Council.
 26263 | D:15     | Noticed a frost giant
 26270 | D:15     | Killed a frost giant
 26444 | D:15     | Found a staircase to the Depths.
 26921 | Swamp:1  | Entered Level 1 of the Swamp
 27036 | Swamp:1  | Reached skill level 18 in Spellcasting
 27659 | Swamp:1  | Reached skill level 5 in Conjurations
 27659 | Swamp:1  | Reached XP level 16. HP: 134/134 MP: 7/38
 28182 | Swamp:2  | Reached skill level 10 in Fighting
 28197 | Swamp:2  | Noticed Donald
 28226 | Swamp:2  | Killed Donald
 29209 | Swamp:3  | Noticed a thorn hunter
 29220 | Swamp:3  | Killed a thorn hunter
 30070 | Swamp:4  | Entered Level 4 of the Swamp
 31665 | Swamp:4  | Reached skill level 19 in Spellcasting
 32054 | Swamp:4  | Got a decaying rune of Zot
 32202 | Swamp:4  | Noticed a thorn hunter
 32209 | Swamp:4  | Killed a thorn hunter
 32760 | Swamp:4  | Found a basalt altar of Yredelemnul.
 33081 | Spider:1 | Entered Level 1 of the Spider Nest
 33102 | Spider:1 | Reached skill level 5 in Dodging
 33126 | Spider:1 | Reached XP level 17. HP: 89/144 MP: 6/40
 33946 | Spider:2 | Noticed Kirke
 33962 | Spider:2 | Killed Kirke
 34105 | Spider:2 | Noticed Aizul
 34112 | Spider:2 | Killed Aizul
 34137 | Spider:2 | Reached skill level 15 in Summonings
 36917 | Spider:4 | Entered Level 4 of the Spider Nest
 37242 | Spider:4 | Reached skill level 20 in Spellcasting
 38603 | Spider:4 | Reached XP level 18. HP: 85/154 MP: 22/42
 39239 | Spider:4 | Reached skill level 5 in Staves
 39421 | Spider:4 | Got a gossamer rune of Zot
 39844 | D:11     | Killed khangoldenlief's ghost
 39901 | Elf:1    | Entered Level 1 of the Elven Halls
 40088 | Elf:1    | Got Ovik's Guide on Arcane Weapons
 41924 | Elf:2    | Paralysed by an air elemental for 1 turns
 42145 | Elf:2    | Found Odwess's Weapon Boutique.
 42479 | Elf:2    | Found Qaxonil's Antique Weapon Boutique.
 42640 | Elf:2    | Found a huge runed translucent gate.
 42640 | Elf:2    | Found a huge runed translucent gate.
 42640 | Elf:2    | Found a huge runed translucent gate.
 42646 | Elf:2    | Found a huge runed translucent gate.
 42646 | Elf:2    | Found a huge runed translucent gate.
 42820 | Elf:2    | Reached skill level 21 in Spellcasting
 44043 | Elf:3    | Entered Level 3 of the Elven Halls
 44115 | Elf:3    | Paralysed by an air elemental for 1 turns
 44219 | Elf:3    | Found a frozen archway.
 44273 | IceCv    | Entered an ice cave
 45179 | IceCv    | Noticed an Ice Fiend
 45196 | IceCv    | Killed an Ice Fiend
 45365 | IceCv    | Identified the +0 barding "Ollue" {Dex+3}
 45723 | Elf:3    | Reached XP level 19. HP: 113/160 MP: 19/44
 46506 | Elf:3    | Identified the +1 leather armour "Qoask" {rF+ rN+ Str+3
                  | Int+2}
 46964 | Elf:3    | Identified the +4 trident "Fiorein" {vorpal, *Rage rF+++
                  | MP+9}
 46977 | Elf:3    | Reached skill level 22 in Spellcasting
 46983 | Elf:3    | Identified the +9 dagger of the Peculiar Songs {vorpal,
                  | Int+3}
 47001 | Elf:3    | Identified the +7 short sword of Success {antimagic, rElec
                  | rC+ rCorr}
 47022 | Elf:3    | Noticed a Brimstone Fiend
 47428 | Elf:3    | Identified the ring "Eserch" {*Slow rElec rF+ rC+ Dex+6}
 47507 | Elf:3    | Identified the +10 trident "Wosariqopa" {drain, rF++ rC+}
 47819 | Elf:3    | Identified the +1 scale mail of Follow the Leader {Str+2
                  | Int+5}
 47831 | Elf:3    | Identified the +8 plate armour of Guast {rCorr Str+5}
 47845 | Elf:3    | Got the Guide on the Glacial Mountains
 47846 | Elf:3    | Identified the +8 hunting sling of Exchange {flame, rN+
                  | Str+2 Int+2}
 47850 | Elf:3    | Got Sif Muna's Disquisition on Shape Shifting and the Birds
 48199 | Elf:3    | Reached skill level 1 in Polearms
 48309 | Elf:3    | Learned a level 7 spell: Summon Hydra
 48323 | Elf:3    | Learned a level 4 spell: Summon Lightning Spire
 48331 | Elf:3    | Learned a level 7 spell: Spellforged Servitor
 48865 | Orc:2    | Bought the amulet "Ytots" {Reflect Str+2 Slay+3 SH+5} for
                  | 860 gold pieces
 48880 | Orc:2    | Bought a sharpened glass wand for 128 gold pieces
 48880 | Orc:2    | Bought a potion of brilliance for 128 gold pieces
 48883 | Orc:2    | Bought a scroll of holy word for 97 gold pieces
 48883 | Orc:2    | Bought a scroll of summoning for 123 gold pieces
 48883 | Orc:2    | Bought a scroll of magic mapping for 45 gold pieces
 48884 | Orc:2    | Bought a scroll of fear for 38 gold pieces
 48884 | Orc:2    | Bought 3 scrolls of fog for 66 gold pieces
 48884 | Orc:2    | Bought a scroll of fear for 38 gold pieces
 49132 | Vaults:1 | Entered Level 1 of the Vaults
 49158 | Vaults:1 | Reached skill level 1 in Fire Magic
 49188 | Vaults:1 | Noticed Asterion
 49205 | Vaults:1 | Killed Asterion
 50261 | Vaults:1 | Found Fifaudob's Assorted Antiques.
 51651 | Vaults:1 | Reached XP level 20. HP: 176/176 MP: 38/46
 51672 | Vaults:1 | Learned a level 3 spell: Mephitic Cloud
 51678 | Vaults:1 | Learned a level 5 spell: Lightning Bolt
 51685 | Vaults:1 | Learned a level 4 spell: Airstrike
 52200 | Vaults:2 | Found Siogg's Weapon Boutique.
 53279 | Vaults:2 | Reached skill level 23 in Spellcasting
 53480 | Vaults:2 | Found a staircase to the Crypt.
 54472 | Vaults:2 | Reached skill level 5 in Polearms
 54636 | Vaults:2 | Reached skill level 5 in Fire Magic
 54656 | Vaults:2 | Reached skill level 10 in Conjurations
 56036 | Vaults:3 | Reached skill level 15 in Fighting
 57077 | Vaults:3 | Found Xurph's Assorted Antiques.
 57088 | Vaults:3 | Bought a scroll of fear for 122 gold pieces
 57088 | Vaults:3 | Bought a potion of magic for 280 gold pieces
 57738 | Vaults:4 | Reached XP level 21. HP: 173/184 MP: 14/48
 57875 | Vaults:4 | Found Siusiad's Armour Shop.
 59267 | Vaults:5 | Entered Level 5 of the Vaults
 59446 | Vaults:4 | Reached skill level 24 in Spellcasting
 59872 | Vaults:5 | Noticed a dread lich
 60628 | Vaults:5 | Identified the +3 scimitar of the Bespelling Priest {speed,
                  | Will+ Int+2}
 60630 | Vaults:5 | Reached skill level 1 in Invocations
 60637 | Vaults:5 | Identified the +8 spear of Burr {vorpal, rC+ rN+ Str+4}
 61552 | Vaults:4 | Killed from afar by a shadow dragon

Illustrated notes

Levels and vault maps discovered:
D:1:      amcnicky_arrival_choice, layout_basic,
          hellmonk_ecumenical_altar_lost_god, minmay_worlds_worst_comb
D:2:      layout_basic, basic_altar, dk_noncrumbling_4, uniq_sigmund
D:3:      layout_basic, nicolae_overflow_ecumenical_swirl,
          minmay_misc_feat_hallway, kennysheep_generic_room_2
D:4:      layout_loops_ring, nicolae_uskayaw_murder_on_the_dancefloor,
          fedhas_altar_4, grunt_temple_overflow_opulence, nrook_mini_backslash
D:5:      layout_loops_cross, minmay_temple_entry_overgrown, uniq_eustachio
D:6:      layout_rooms, kennysheep_potato, uniq_pikel, uniq_edmund, uniq_grinder
D:7:      layout_basic, gammafunk_ghost_berserking_beasts, serial_bayou_pond_e,
          uniq_menkaure
D:8:      layout_basic, mainiacjoe_overflow_alcove_1,
          grunt_lair_entry_orc_guard_hut, special_room [special_room_orc],
          nrook_pool_corridor
D:9:      hellmonk_destroyed_diamonds, layout_basic, serial_shops,
          shop_fountains
D:10:     layout_irregular_city, grunt_decor_junction,
          nicolae_fountain_basement, uniq_harold
D:11:     layout_long_grid, minmay_orc_entry_guard_dogs, ebering_ghost_xom,
          grunt_ministairs_9, evilmike_ruin_ashenzari
D:12:     layout_rooms, serial_curves, eino_curves_01, eino_curves_02,
          uniq_azrael
D:13:     cheibrodos_lost_city_excavation, layout_rooms, uniq_josephine,
          uniq_sonja
D:14:     layout_gridville, hangedman_vaults_entry_quadrant_bands, serial_shops,
          bzr_firewalk, minmay_misc_feat_columns
D:15:     grunt_enter_depths_snipers, layout_stronghold,
          nicolae_wu_jian_wuxing_cycle
Temple:   nicolae_temple_x_marks_the_god
Lair:1:   layout_hall_layers, minmay_hedge_maze, columned_hall_lemuel,
          serial_bayou_pond_a
Lair:2:   layout_roguey, hellmonk_spider_entry_not_the_bees, wad_woods_river_01
Lair:3:   layout_regular_city, nicolae_swamp_entry_splash_gauntlet,
          grunt_megastairs_5
Lair:4:   layout_cave_pods, infiniplex_staircase_pool_2, serial_bayou_shore_b,
          grunt_megastairs_3, uniq_rupert
Lair:5:   layout_roguey, dpeg_slime_entry_enclosed_altar,
          grunt_forest_stairs_basic
Lair:6:   hangedman_lair_caniforms_friends, layout_concentric_octagons,
          guppyfry_lair_end_dragon, nicolae_volcano_entry_lava_flow, uniq_snorg
Swamp:1:  layout_basic_swamp, serial_swamp_ruin, evilmike_swamp_ruin_house_2,
          evilmike_swamp_ruin_house_1, hangedman_swamp_ruin_wall
Swamp:2:  layout_falls_marsh, evilmike_swamp_ruin_rubble_2, uniq_donald
Swamp:3:  layout_falls_marsh, evilmike_swamp_ruin_house_6, swamp_pool2,
          hangedman_swamp_ravenous
Swamp:4:  swamp_icy, layout_basic_swamp, nicolae_swamp_triple_paths,
          swamp_pool2, grunt_ruined_hall
Spider:1: layout_spider_delve
Spider:2: layout_cave_pods, uniq_aizul, uniq_kirke
Spider:3: layout_cave_pods
Spider:4: guppyfry_spider_rune, hellmonk_deceptive_appearances
Orc:1:    layout_caves, serial_shops, shop, basic_altar,
          nicolae_orc_flooded_monolith
Orc:2:    st_orc_pillars, layout_caves, serial_shops, shop,
          nicolae_orc_stony_grotto
Elf:1:    layout_geoelf_grid, minmay_elf_annihilation, grunt_megastairs_1
Elf:2:    elven_hall_of_blades_hangedman_alternative
          [nicolae_blade_entry_pointy_end], layout_geoelf_diagonals,
          nicolae_stop_n_shop_2, nicolae_stop_n_shop_1, minmay_misc_feat_cross,
          minivault_5
Elf:3:    minmay_elf_hall_curves, layout_gridlike,
          portal_ice_cave_entry_frozen_things, drop_trap,
          hangedman_elven_crosses_minicolossus, grunt_megastairs_2
Vaults:1: nicolae_vaults_what_the_h, nicolae_vaults_border_crossing,
          hangedman_vaults_snaps, hangedman_vaults_variations,
          vaults_room_door_ring, v_rooms_1, hangedman_vaults_hat,
          vaults_dpeg_ring, st_hourglassy, serial_ice_g,
          nicolae_vaults_little_squares_2, layout_vaults_big_room, serial_shops,
          shop_fountains, uniq_asterion
Vaults:2: vaults_mumra_hexcomb, grunt_vaults_focal, hangedman_vaults_cutoff,
          vaults_room_pool, nicolae_vaults_rhombus_5, nicolae_vaults_theta,
          v_misc_18, grunt_vaults_diagonal, st_cross,
          minmay_crypt_entry_skeletal_spiral, ontoclasm_vaults_decontamination,
          layout_vaults_omnigrid, serial_shops, shop
Vaults:3: portal_desolation_entry_twin_temple, nicolae_vaults_disjoint_gnomons,
          hangedman_vaults_nails, vaults_dpeg_diagonal,
          hangedman_vaults_corner_blocks, ontoclasm_vaults_shout, v_misc_16,
          v_misc_16, nicolae_vaults_gold_heap, v_alt_pattern_4,
          layout_vaults_omnibox, serial_shops, nicolae_shop_stone
Vaults:4: hangedman_vaults_slice, v_misc_3, v_misc_28,
          nicolae_vaults_sealed_display, st_lattice, ontoclasm_vaults_fault,
          grunt_vaults_trifunnel, nicolae_vaults_asterisk,
          nicolae_vaults_network_quinsquares
          [nicolae_vaults_network_quincunx_subvault,
          nicolae_vaults_network_quincunx_subvault,
          nicolae_vaults_network_quincunx_subvault,
          nicolae_vaults_network_quincunx_subvault],
          nicolae_vaults_hallways_thing, v_misc_19,
          nicolae_vaults_diagonal_hallway_8, layout_vaults_maze_snakey,
          serial_shops, nicolae_shop_behind_doors
Vaults:5: serial_shops

Skill      XL: |  1  2  3  4  5  6  7  8  9 10 11 12 13 14 15 16 17 18 19 20 21 |
---------------+----------------------------------------------------------------+-----
Stealth        | 2 |  2.0
Dodging        | 2 5 6 |  6.0
Spellcasting   | 3 4 5 6 8 10 12 13 14 15 17 18 19 20 21 22 23 24 | 24.3
Shields        | 1 2 3 4 6 8 9 |  9.0
Ice Magic      | 5 6 8 10 11 12 13 14 15 | 15.5
Staves         | 2 3 4 6 |  6.0
Evocations     | 2 3 |  3.0
Conjurations   | 2 3 5 6 8 9 10 11 | 11.1
Summonings     | 3 6 8 10 12 13 14 15 16 17 18 | 18.5
Translocations | 2 3 |  3.0
Fighting       | 2 5 7 8 9 11 12 13 14 15 | 15.8
Polearms       | 3 6 7 |  7.4
Fire Magic     | 3 6 7 |  7.1
Invocations    | 1 |  1.9

Action                   |  1- 3 |  4- 6 |  7- 9 | 10-12 | 13-15 | 16-18 | 19-21 || total
-------------------------+-------+-------+-------+-------+-------+-------+-------++-------
Melee: Unarmed           |    24 |       |       |       |       |       |       ||    24
       Tailslap          |     4 |    13 |    32 |    91 |    93 |   257 |   131 ||   621
       Dagger            |    27 |    91 |       |       |       |       |       ||   118
       Staff             |       |    16 |   143 |   395 |   482 |  1016 |    82 ||  2134
       Trident           |       |       |       |       |       |       |   599 ||   599
Throw: Stone             |       |       |    21 |       |       |       |       ||    21
       Dart              |       |       |     2 |       |       |       |     5 ||     7
       Throwing net      |       |       |       |       |       |       |     2 ||     2
 Cast: Freeze            |    40 |    47 |    32 |    11 |     1 |     1 |       ||   132
       Frozen Ramparts   |     4 |    15 |    28 |    69 |   106 |    56 |    32 ||   310
       Ozocubu's Armour  |     1 |     7 |    17 |    44 |    67 |    74 |    65 ||   275
       Hailstorm         |       |       |    11 |    18 |    81 |    42 |    49 ||   201
       Animate Skeleton  |       |       |       |    31 |   120 |    59 |    94 ||   304
       Ensorcelled Hiber |       |       |       |     3 |     2 |       |       ||     5
       Call Canine Famil |       |       |       |    30 |    37 |    87 |    21 ||   175
       Summon Cactus Gia |       |       |       |       |    36 |   170 |   126 ||   332
       Summon Mana Viper |       |       |       |       |    32 |   140 |    92 ||   264
       Summon Forest     |       |       |       |       |    10 |    18 |    21 ||    49
       Swiftness         |       |       |       |       |     1 |       |     1 ||     2
       Summon Hydra      |       |       |       |       |       |       |    70 ||    70
       Spellforged Servi |       |       |       |       |       |       |    24 ||    24
       Summon Lightning  |       |       |       |       |       |       |    13 ||    13
       Lightning Bolt    |       |       |       |       |       |       |    13 ||    13
Invok: Renounce Religion |     1 |     1 |       |       |       |       |       ||     2
 Abil: Breathe Dispellin |       |       |     2 |       |       |       |       ||     2
  Use: Scroll            |     2 |     5 |     9 |     1 |    18 |     7 |    14 ||    56
       Potion            |     1 |     1 |       |       |     5 |    19 |    13 ||    39
 Stab: Sleeping          |     2 |     2 |     1 |       |       |       |       ||     5
       Distracted        |       |       |       |     1 |     3 |    16 |    14 ||    34
Armor: Skin              |    20 |    52 |    54 |   158 |   229 |   597 |   202 ||  1312
Dodge: Dodged            |    47 |    79 |    49 |   140 |   219 |   639 |   243 ||  1416
       Repelled          |       |       |       |     1 |     6 |    15 |     6 ||    28
Block: Buckler           |     2 |    69 |    92 |   352 |   548 |  1445 |   689 ||  3197
       Reflection        |       |     3 |     2 |    15 |    44 |    20 |    77 ||   161
